[Event "European School-ch 2019"]
[Site "Mamaia"]
[Date "2019.06.05"]
[Round "6.35"]
[White "Taragan, Uri"]
[Black "Danila, Tudor-Gabriel"]
[Result "0-1"]
[ECO "A45"]
[WhiteElo "1164"]
[BlackElo "1336"]
[Annotator "NA RC"]
[PlyCount "118"]
[EventDate "2019.05.31"]
[EventType "swiss"]
[EventCountry "ROU"]
[SourceTitle "playchess.com"]
[Source "ChessBase"]
[SourceQuality "1"]
[TimeControl "40/5400+30:1800+30"]

1. d4 Nf6 2. Nc3 d5 3. Bf4 g6 4. Nb5 Na6 5. e3 Bg7 6. Nf3 O-O 7. c4 c6 8. Nc3 Nc7 9. Qb3 dxc4 10. Bxc7 Qxc7 11. Bxc4 Nd7 12. Ng5 e6 13. Bxe6 fxe6 14. Nxe6 Qb6 15. Nxf8+ Kxf8 16. Qxb6 Nxb6 17. b3 Be6 18. O-O a5 19. Ne4 Bd5 20. Nc5 Ra7 21. Rfb1 Ke7 22. b4 Nc4 23. b5 b6 24. Na4 c5 25. Nc3 Bg8 26. Rd1 Rd7 27. Ne2 Na3 28. Rac1 Nxb5 29. dxc5 Rxd1+ 30. Rxd1 bxc5 31. Rb1 Bc4 32. Nf4 g5 33. Nd5+ Ke6 34. Nb6 Nc3 35. Re1 Bxa2 36. h3 Kd6 37. Nc8+ Kd7 38. Nb6+ Kc7 39. Na8+ Kb7 40. Kh2 Kxa8 41. Kg3 Be5+ 42. Kg4 Bf6 43. Kf5 Be7 44. Rc1 Nd5 45. e4 Nc7 46. Ra1 Be6+ 47. Ke5 Kb7 48. Rxa5 Kb6 49. Ra1 Kc6 50. Ra7 c4 51. Ra1 Bb4 52. Rc1 Ba3 53. Rc2 Kc5 54. g3 Kb4 55. Kd4 c3 56. f4 Bb3 57. Rg2 c2 58. Rxc2 Bxc2 59. e5 gxf4 {[%emt 0:00:21] Ke4} 0-1

[Event "European School-ch 2019"]
[Site "Mamaia"]
[Date "2019.06.05"]
[Round "6.36"]
[White "Babayev, Yusif"]
[Black "Mirzoyan, Davit T."]
[Result "0-1"]
[ECO "B22"]
[WhiteElo "1230"]
[BlackElo "2388"]
[Annotator "RC"]
[PlyCount "96"]
[EventDate "2019.05.31"]
[EventType "swiss"]
[EventCountry "ROU"]
[SourceTitle "playchess.com"]
[Source "ChessBase"]
[SourceQuality "1"]
[TimeControl "40/5400+30:1800+30"]

1. e4 c5 2. c3 e6 3. d4 cxd4 4. cxd4 a6 5. Nc3 b5 6. a3 Bb7 7. Bd3 d6 8. Nf3 Be7 9. Bd2 Nf6 10. O-O O-O 11. e5 dxe5 12. Nxe5 Qxd4 13. Qe2 Nbd7 14. Nf3 Bxf3 15. gxf3 Ne5 16. Bc2 Qxd2 17. Qxd2 Nxf3+ 18. Kh1 Nxd2 19. Rfd1 Nc4 20. b3 Nb6 21. Rg1 Nbd5 22. Ne2 Rac8 23. Bd3 Bc5 24. Rgf1 Ng4 25. Kg1 Nxf2 26. Rxf2 Nc3 27. Kf1 Bxf2 28. Kxf2 Nxe2 29. Kxe2 Rfd8 30. Rd1 Kf8 31. a4 bxa4 32. bxa4 Rb8 33. Bxa6 Rb2+ 34. Ke1 Rxd1+ 35. Kxd1 Ke7 36. h3 Kd6 37. Bd3 Kd5 38. a5 Kd4 39. Bc2 f5 40. Kc1 Kc3 41. Bb1 f4 42. a6 f3 43. Be4 f2 44. Bg2 Ra2 45. Kd1 Kd3 46. Bf1+ Ke3 47. Bb5 Rb2 48. Bc4 Rb4 0-1

[Event "European School-ch 2019"]
[Site "Mamaia"]
[Date "2019.06.05"]
[Round "6.41"]
[White "Korolchuk, Vladyslava"]
[Black "Mgeladze, Kesaria"]
[Result "1/2-1/2"]
[ECO "A26"]
[WhiteElo "1032"]
[BlackElo "1322"]
[Annotator "NA RC"]
[PlyCount "96"]
[EventDate "2019.05.31"]
[EventType "swiss"]
[EventCountry "ROU"]
[SourceTitle "playchess.com"]
[Source "ChessBase"]
[SourceQuality "1"]
[TimeControl "40/5400+30:1800+30"]

1. c4 g6 2. Nc3 Bg7 3. g3 d6 4. Bg2 e5 5. d3 Nc6 6. Bd2 a5 7. a4 f5 8. Rb1 Nf6 9. Nf3 O-O 10. O-O h6 11. Qc1 Kh7 12. b3 Be6 13. Rd1 d5 14. cxd5 Nxd5 15. Rf1 Ncb4 16. Nxd5 Nxd5 17. Qd1 g5 18. e3 f4 19. e4 Ne7 20. h3 Qxd3 21. Ne1 Qd7 22. Kh2 Rad8 23. Rb2 Qd4 24. Ra2 fxg3+ 25. fxg3 Rxf1 26. Bxf1 Qxe4 27. Bg2 Qd4 28. Qc2+ Ng6 29. Bxa5 b6 30. Bc3 Qd7 31. Be4 Bf7 32. Nd3 Qe6 33. Rb2 Kh8 34. a5 Qc8 35. Qf2 Rf8 36. axb6 cxb6 37. Bb4 Bd5 38. Bxf8 Bxe4 39. Bxg7+ Kxg7 40. Nxe5 Nxe5 41. Qd4 Qf5 42. Rf2 Bf3 43. Rxf3 Qxf3 44. Qxe5+ Kg8 45. Qe8+ Kg7 46. Qe7+ Kg8 47. Qd8+ Kg7 48. Qe7+ Kg8 1/2-1/2

[Event "European School-ch 2019"]
[Site "Mamaia"]
[Date "2019.06.05"]
[Round "6.42"]
[White "Ismayilova, Khanim"]
[Black "State-Ungureanu, Elena-Anastasia"]
[Result "1-0"]
[ECO "D00"]
[WhiteElo "1225"]
[BlackElo "1057"]
[Annotator "NA RC"]
[PlyCount "37"]
[EventDate "2019.05.31"]
[EventType "swiss"]
[EventCountry "ROU"]
[SourceTitle "playchess.com"]
[Source "ChessBase"]
[SourceQuality "1"]
[TimeControl "40/5400+30:1800+30"]

1. d4 d5 2. Bf4 e6 3. Nf3 Nf6 4. e3 Be7 5. Bd3 O-O 6. Nbd2 b6 7. Ne5 c5 8. c3 Nbd7 9. Ndf3 Bb7 10. g4 Bd6 11. Nxf7 Rxf7 12. Bxd6 Nxg4 13. h3 Ngf6 14. Ng5 Re7 15. Bxe7 Qxe7 16. Qc2 c4 17. Bxh7+ Nxh7 18. Qxh7+ Kf8 19. Qh8# {[%emt 0:00:07] Ke8} 1-0

[Event "European School-ch 2019"]
[Site "Mamaia"]
[Date "2019.06.05"]
[Round "6.43"]
[White "Voronaya, Eva"]
[Black "Zarkua, Anastasia"]
[Result "1/2-1/2"]
[ECO "A84"]
[WhiteElo "1005"]
[BlackElo "1108"]
[Annotator "NA RC"]
[PlyCount "117"]
[EventDate "2019.05.31"]
[EventType "swiss"]
[EventCountry "ROU"]
[SourceTitle "playchess.com"]
[Source "ChessBase"]
[SourceQuality "1"]
[TimeControl "40/5400+30:1800+30"]

1. d4 f5 2. c4 g6 3. Nc3 Nf6 4. Nf3 Bg7 5. b4 O-O 6. Bb2 d6 7. e3 c6 8. Be2 Qe8 9. O-O Nbd7 10. Ng5 e5 11. dxe5 dxe5 12. c5 h6 13. Bc4+ Kh8 14. Ne6 Rb8 15. Nxf8 Bxf8 16. Qb3 Kg7 17. a4 a5 18. bxa5 Nxc5 19. Qc2 Ra8 20. Ne2 Rxa5 21. Bc3 Ra8 22. a5 Bd6 23. Rfd1 Bc7 24. Bb4 Nce4 25. Nc3 c5 26. Nxe4 Nxe4 27. Be1 Nd6 28. Bd5 Nb5 29. Qa4 Bd7 30. Bc4 Nd6 31. Qc2 Nxc4 32. Qxc4 Qe7 33. Qb3 Bc6 34. Qc4 Qg5 35. g3 Qe7 36. Bc3 Kh7 37. Qa2 f4 38. exf4 exf4 39. Re1 Qf8 40. Qe2 Re8 41. Qf1 Ra8 42. Re6 Bd8 43. Qd3 Qf7 44. Rae1 fxg3 45. hxg3 Bg5 46. Qc4 Rf8 47. Qxc5 Qf3 48. Rxc6 bxc6 49. Qd4 Bf6 50. Qd7+ Kg8 51. Bxf6 Qxf6 52. Qe6+ Qf7 53. Qxf7+ Kxf7 54. Re4 Ra8 55. Ra4 Ke6 56. a6 Kd7 57. a7 Kc7 58. Rh4 h5 59. g4 1/2-1/2

[Event "European School-ch 2019"]
[Site "Mamaia"]
[Date "2019.06.05"]
[Round "6.44"]
[White "Sida, Flavia-Maria"]
[Black "Shatil, Or"]
[Result "1/2-1/2"]
[ECO "A50"]
[WhiteElo "1219"]
[BlackElo "1199"]
[Annotator "NA RC"]
[PlyCount "79"]
[EventDate "2019.05.31"]
[EventType "swiss"]
[EventCountry "ROU"]
[SourceTitle "playchess.com"]
[Source "ChessBase"]
[SourceQuality "1"]
[TimeControl "40/5400+30:1800+30"]

1. d4 Nf6 2. c4 g6 3. Bg5 Ne4 4. Bf4 Bg7 5. f3 Nf6 6. e4 c5 7. d5 d6 8. Nc3 O-O 9. Bd3 Nbd7 10. Nge2 Nh5 11. Be3 Ne5 12. h3 Nxd3+ 13. Qxd3 f5 14. exf5 Bxf5 15. Qd2 Bd7 16. g4 Nf6 17. Bh6 e6 18. Bxg7 Kxg7 19. h4 exd5 20. cxd5 Qe7 21. O-O-O Rae8 22. h5 Qe3 23. h6+ Kh8 24. Rhf1 Nxd5 25. Nxd5 Qxe2 26. Qc3+ Qe5 27. Qxe5+ Rxe5 28. f4 Re4 29. g5 Rc4+ 30. Nc3 Rcxf4 31. Rxf4 Rxf4 32. Rxd6 Rd4 33. Rf6 Kg8 34. Kc2 Bf5+ 35. Kb3 Rb4+ 36. Ka3 Rb6 37. Rxb6 axb6 38. Nd5 b5 39. Nf6+ Kh8 40. b3 1/2-1/2

[Event "European School-ch 2019"]
[Site "Mamaia"]
[Date "2019.06.05"]
[Round "6.45"]
[White "Arora, Tashika"]
[Black "Zhapova, Yana"]
[Result "0-1"]
[ECO "D02"]
[WhiteElo "1471"]
[BlackElo "1804"]
[Annotator "NA RC"]
[PlyCount "140"]
[EventDate "2019.05.31"]
[EventType "swiss"]
[EventCountry "ROU"]
[SourceTitle "playchess.com"]
[Source "ChessBase"]
[SourceQuality "1"]
[TimeControl "40/5400+30:1800+30"]

1. d4 d5 2. Nf3 Nf6 3. Bf4 c5 4. e3 cxd4 5. exd4 Nc6 6. Be2 Bg4 7. c3 e6 8. O-O {[%emt 0:01:22] B05: Alekhine's Defence: 4 Nf3 Bg4} Bd6 (8... Bxf3 9. Bxf3 Bd6 10. Bxd6 Qxd6 11. Nd2 O-O 12. g3 b5 13. a3 a5 14. Nb3 {½-½ (39) Rozentalis,E (2605)-Wojtaszek,R (2622) Ermioni Argolidas 2006}) 9. Ne5 Bxe2 10. Qxe2 O-O 11. Nxc6 $146 ({Predecessor:} 11. Nd2 Qc7 12. Bg3 Rac8 13. f4 Ne7 14. Bh4 Ne8 15. Rae1 Ng6 {1-0 (35) Pohl,A (1572)-Breuer,L (1709) Gelsenkirchen 2018}) 11... bxc6 12. Bxd6 Qxd6 13. Nd2 c5 14. dxc5 Qxc5 15. Nb3 Qb6 16. Rac1 Rac8 17. Rfd1 Ne4 18. Rd4 Nd6 19. Rb4 Qd8 20. Nd2 Qg5 21. Rg4 Qf6 22. Rb4 Rfd8 23. Rd1 h6 24. Qg4 Nf5 25. Nb3 e5 26. h3 g6 27. Qf3 Qe6 28. Qe2 Ng7 29. Re1 Re8 30. Rb7 a6 31. Rb4 Rc6 32. Na5 Rc5 33. Nb3 Rc6 34. Na5 Rb6 35. Rxb6 Qxb6 36. b4 Nh5 37. Qe3 Qc7 38. g3 Kg7 39. Kf1 Nf6 40. Nb3 Qc4+ 41. Kg2 d4 42. cxd4 exd4 {[%emt 0:00:05] Pin} 43. Qd2 Qd5+ 44. Kg1 Rxe1+ 45. Qxe1 Ne4 46. Qa1 Nc3 47. Qb2 Qc4 48. Nc1 {[%emt 0:02:12] [#]} d3 $1 49. Qd2 $2 (49. Nb3 $17 {is a better chance.}) 49... Ne4 50. Qd1 d2 51. Nb3 Qxb4 52. Kg2 (52. Qe2 $142) 52... Qb6 53. Qe2 {[%emt 0:03:01] [#]} d1=Q $19 54. Qxe4 Qe6 55. Qxe6 fxe6 56. h4 e5 57. f3 Qc2+ 58. Kf1 Qxa2 59. Nc5 Qc4+ 60. Ke1 Qxc5 61. Ke2 Qc2+ 62. Ke3 a5 63. f4 exf4+ 64. Kxf4 a4 65. Ke5 a3 66. Kd5 a2 67. Kd6 a1=Q 68. Kd5 Qad1+ 69. Ke5 Qce2+ 70. Kf4 Qdf1# 0-1

[Event "European School-ch 2019"]
[Site "Mamaia"]
[Date "2019.06.05"]
[Round "6.46"]
[White "Babic, Masa"]
[Black "Andries, Alexia"]
[Result "1-0"]
[ECO "A04"]
[WhiteElo "1715"]
[BlackElo "1287"]
[Annotator "NA RC"]
[PlyCount "95"]
[EventDate "2019.05.31"]
[EventType "swiss"]
[EventCountry "ROU"]
[SourceTitle "playchess.com"]
[Source "ChessBase"]
[SourceQuality "1"]
[TimeControl "40/5400+30:1800+30"]

1. Nf3 c5 2. c4 Nc6 3. d4 cxd4 4. Nxd4 e6 5. Nc3 Bb4 6. Ndb5 a6 7. Nd6+ Bxd6 8. Qxd6 Qe7 9. Qd1 Nf6 10. g3 O-O 11. Bg2 Qc5 12. b3 Ne7 13. Na4 Qc7 14. Ba3 Re8 15. Bd6 Qa5+ 16. Qd2 Qxd2+ 17. Kxd2 Nf5 18. Bc7 Ng4 19. Nb6 Nxf2 20. Rhg1 Ng4 21. h3 Nf6 22. Nxa8 b5 23. Be5 d6 24. Bxf6 gxf6 25. Rac1 bxc4 26. Rxc4 Bd7 27. Nb6 Bb5 28. Rc8 Rxc8 29. Nxc8 d5 30. g4 Nd4 31. e3 Ne2 32. Re1 Ng3 33. Nd6 Kg7 34. Nxb5 axb5 35. Bf3 Ne4+ 36. Bxe4 dxe4 37. a4 bxa4 38. bxa4 Kg6 39. a5 h5 40. a6 hxg4 41. hxg4 Kg5 42. Rg1 f5 43. gxf5+ Kxf5 44. a7 Ke5 45. a8=Q f6 46. Qa5+ Kd6 47. Qb6+ Ke5 48. Qc5# 1-0

[Event "European School-ch 2019"]
[Site "Mamaia"]
[Date "2019.06.05"]
[Round "6.47"]
[White "Babic, Milana"]
[Black "Rasheva, Nora"]
[Result "1-0"]
[ECO "A05"]
[WhiteElo "1677"]
[BlackElo "1473"]
[Annotator "NA RC"]
[PlyCount "85"]
[EventDate "2019.05.31"]
[EventType "swiss"]
[EventCountry "ROU"]
[SourceTitle "playchess.com"]
[Source "ChessBase"]
[SourceQuality "1"]
[TimeControl "40/5400+30:1800+30"]

1. Nf3 Nf6 2. g3 g6 3. Bg2 Bg7 4. O-O O-O 5. d4 d5 6. b3 c5 7. Bb2 Ne4 8. Nbd2 Nxd2 9. Qxd2 Nc6 10. Rad1 e6 11. Ba3 Nxd4 12. Bxc5 Nxf3+ 13. Bxf3 Re8 14. e4 Qc7 15. Be3 Rd8 16. exd5 Bc3 17. Qc1 exd5 18. Bg5 Re8 19. Rxd5 a6 20. Be3 Bg7 21. Rfd1 Be6 22. Bf4 Qc8 23. R5d2 Bf5 24. c4 Bg4 25. Bxg4 Qxg4 26. Rd7 b5 27. c5 Rac8 28. c6 Bf6 29. c7 h5 30. Qc6 Re6 31. Qb7 Re1+ 32. Kg2 Ree8 33. Qd5 Rf8 34. f3 Qe6 35. Qxe6 fxe6 36. Bh6 Rfe8 37. f4 a5 38. R1d6 h4 39. g4 a4 40. bxa4 bxa4 41. Ra6 Ra8 42. Rxa8 Rxa8 43. g5 1-0

[Event "European School-ch 2019"]
[Site "Mamaia"]
[Date "2019.06.05"]
[Round "6.48"]
[White "Mikhailina, Olga"]
[Black "Petrenko, Maryna"]
[Result "1/2-1/2"]
[ECO "B15"]
[WhiteElo "1338"]
[BlackElo "1307"]
[Annotator "NA RC"]
[PlyCount "98"]
[EventDate "2019.05.31"]
[EventType "swiss"]
[EventCountry "ROU"]
[SourceTitle "playchess.com"]
[Source "ChessBase"]
[SourceQuality "1"]
[TimeControl "40/5400+30:1800+30"]

1. e4 c6 2. d4 d5 3. Nc3 dxe4 4. Nxe4 Nf6 5. Nxf6+ exf6 6. Nf3 Bd6 7. Bd3 O-O 8. O-O Bg4 9. Be3 Nd7 10. Be2 Re8 11. h3 Bh5 12. Nh4 Bxe2 13. Qxe2 Nf8 14. Qg4 Kh8 15. Nf5 Ng6 16. h4 Bf8 17. Rfe1 Qc8 18. Qf3 Rd8 19. h5 Ne7 20. Nxe7 Bxe7 21. h6 Bf8 22. c3 Rd5 23. hxg7+ Bxg7 24. Bd2 Qf5 25. Qxf5 Rxf5 26. Re7 Rb5 27. b3 Kg8 28. Rae1 Bf8 29. Re8 Rxe8 30. Rxe8 Kg7 31. Bh6+ Kxh6 32. Rxf8 Kg7 33. Re8 b6 34. Re7 Ra5 35. a4 b5 36. Rc7 bxa4 37. bxa4 c5 38. Rxc5 Rxa4 39. Rc7 a5 40. Ra7 Ra1+ 41. Kh2 Rc1 42. Rxa5 Rxc3 43. f3 Rd3 44. Rd5 f5 45. Kg3 Kf6 46. Kf4 Ke6 47. Re5+ Kd6 48. Kxf5 Rxd4 49. Re8 Rh4 {[%emt 0:02:34] Ke4 Ke5+} 1/2-1/2

[Event "European School-ch 2019"]
[Site "Mamaia"]
[Date "2019.06.05"]
[Round "6.49"]
[White "Petricenco, Ana"]
[Black "Aydin, Gulenay"]
[Result "1/2-1/2"]
[ECO "B52"]
[WhiteElo "1484"]
[BlackElo "1967"]
[Annotator "NA RC"]
[PlyCount "89"]
[EventDate "2019.05.31"]
[EventType "swiss"]
[EventCountry "ROU"]
[SourceTitle "playchess.com"]
[Source "ChessBase"]
[SourceQuality "1"]
[TimeControl "40/5400+30:1800+30"]

1. e4 c5 2. Nf3 d6 3. Bb5+ Bd7 4. Bxd7+ Qxd7 5. O-O Nc6 6. Re1 Nf6 7. c3 g6 8. d4 cxd4 9. cxd4 Bg7 {[%emt 0:01:56] B52: Sicilian: Moscow Variation with 3...Bd7} (9... d5 10. e5 Ne4 11. Nbd2 Nxd2 12. Bxd2 Bg7 13. Qb3 O-O 14. Rac1 Rfc8 15. Qd3 Nd8 16. g3 Rxc1 17. Rxc1 {½-½ (30) Wang,C (2505)-Lu,S (2620) Xinghua 2017}) 10. a3 O-O 11. Nc3 Rfd8 $146 ({Predecessor:} 11... Rac8 12. Qd3 Rfd8 13. Bg5 h6 14. Be3 Ng4 15. Bf4 e5 16. Be3 Nxe3 17. fxe3 Na5 18. Rab1 a6 19. a4 Rc6 {1-0 (51) Zvara,D (1680)-Klima,J Ricany 2007}) 12. h3 Rac8 13. Be3 d5 14. e5 Ne4 15. Ne2 f6 16. exf6 Bxf6 17. Nd2 Nd6 18. Nb3 b6 19. Nc3 Nc4 20. Bc1 e5 21. dxe5 N6xe5 22. Nd4 Re8 23. Nce2 Nc6 24. Nxc6 Qxc6 25. Rb1 Rcd8 26. b3 Nd6 27. Bb2 Ne4 28. Bxf6 Qxf6 29. f3 Nc5 30. Qd2 d4 31. Nc1 Rxe1+ 32. Qxe1 d3 33. Qd2 Qd4+ 34. Kh1 Ne6 35. b4 Nf4 36. Nb3 Qe5 37. Re1 Ne2 38. Nc1 Ng3+ 39. Kg1 Qd4+ 40. Kh2 Nh5 41. Nxd3 Qd6+ 42. Kg1 $11 Qd4+ 43. Kh2 Qd6+ 44. Kg1 Qd4+ 45. Kh2 1/2-1/2

[Event "European School-ch 2019"]
[Site "Mamaia"]
[Date "2019.06.05"]
[Round "6.50"]
[White "Karaivanova, Petya"]
[Black "Kapicakova, Lucia"]
[Result "1-0"]
[ECO "B13"]
[WhiteElo "1688"]
[BlackElo "1776"]
[Annotator "NA RC"]
[PlyCount "164"]
[EventDate "2019.05.31"]
[EventType "swiss"]
[EventCountry "ROU"]
[SourceTitle "playchess.com"]
[Source "ChessBase"]
[SourceQuality "1"]
[TimeControl "40/5400+30:1800+30"]

1. e4 c6 2. d4 d5 3. exd5 cxd5 4. Bd3 Nc6 5. c3 Nf6 6. h3 g6 7. Nf3 Bg7 8. O-O Bf5 9. Be2 O-O 10. Bf4 Qb6 11. Bc1 Rac8 12. Nbd2 a6 13. Re1 Qc7 14. Nf1 b5 15. Ng3 Ne4 16. Nxe4 Bxe4 17. Ng5 h6 18. Nf3 Bxf3 19. Bxf3 e6 20. Be2 Qb6 21. a3 Na5 22. Bf4 Nc4 23. Ra2 Rc6 24. Bd3 Rfc8 25. h4 a5 26. g4 Qd8 27. g5 h5 28. Qf3 Qb6 29. Rea1 Qd8 30. Re1 Qb6 31. Rea1 Ra8 32. Qe2 Rac8 33. Kg2 Qb7 34. Bg3 Rb6 35. f4 Qc6 36. Bf2 b4 37. axb4 axb4 38. b3 Nd6 39. cxb4 Rxb4 40. Ra6 Rb6 41. Rxb6 Qxb6 42. Ra6 Qb4 43. Bxg6 Ne4 44. Bxe4 dxe4 45. Qxe4 Qxb3 46. g6 fxg6 47. Rxe6 Rf8 48. Rxg6 Qf7 49. Rg5 Qxf4 50. Qxf4 Rxf4 51. Kg3 Re4 52. Kf3 Re7 53. Rxh5 Kf7 54. Rc5 Rd7 55. d5 Be5 56. Bg3 Bd4 57. Rb5 Kg6 58. d6 Bg7 59. Rc5 Bf8 60. Rc7 Rd8 61. d7 Kf7 62. Bf4 Ke6 63. Rc1 Rxd7 64. Re1+ Kf5 65. Re5+ Kf6 66. Ke4 Kg6 67. Rg5+ Kf6 68. Be5+ Ke6 69. Rg6+ Ke7 70. h5 Rd1 71. Kf4 Rh1 72. Kg5 Rg1+ 73. Kf5 Rh1 74. Kg5 Rg1+ 75. Kf5 Rh1 76. Kg4 Rg1+ 77. Bg3 Kf7 78. Ra6 Bg7 79. Kf3 Rh1 80. Ra5 Rf1+ 81. Kg2 Rf6 82. Be5 Re6 1-0

[Event "European School-ch 2019"]
[Site "Mamaia"]
[Date "2019.06.05"]
[Round "6.51"]
[White "Shuqja, Klean"]
[Black "Mamardashvili, Ana"]
[Result "1-0"]
[ECO "B70"]
[WhiteElo "1858"]
[BlackElo "1415"]
[Annotator "NA RC"]
[PlyCount "81"]
[EventDate "2019.05.31"]
[EventType "swiss"]
[EventCountry "ROU"]
[SourceTitle "playchess.com"]
[Source "ChessBase"]
[SourceQuality "1"]
[TimeControl "40/5400+30:1800+30"]

1. e4 c5 2. Nf3 d6 3. d4 cxd4 4. Nxd4 Nf6 5. Nc3 g6 6. Bg5 Bg7 7. Be2 O-O 8. O-O Nc6 9. Nb3 a5 10. a4 Be6 11. Kh1 Qc8 12. f4 Rd8 13. Qd2 d5 14. e5 d4 15. exf6 dxc3 $11 (15... exf6 $17 16. Ne4 fxg5 17. fxg5 Bxb3 18. cxb3 Qe6) 16. Qxc3 Bh8 17. Bb5 Rd6 18. Rad1 Qc7 19. Nc5 Rxd1 20. Rxd1 Rd8 21. Re1 Bxf6 22. Bxf6 exf6 23. Nxe6 fxe6 24. Qxf6 Qd6 25. Bc4 Nd4 26. Rxe6 Nxe6 27. Bxe6+ Qxe6 28. Qxe6+ Kf8 29. h3 Rd1+ 30. Kh2 Rd2 31. Qc8+ Kf7 32. Qxb7+ Ke6 33. c4 Kf5 34. c5 Kxf4 35. c6 g5 36. c7 g4 37. hxg4 h5 38. gxh5 Kg5 39. c8=Q Kxh5 40. Qg7 Rd8 41. Qh3# 1-0

[Event "European School-ch 2019"]
[Site "Mamaia"]
[Date "2019.06.05"]
[Round "6.52"]
[White "Putinceva, Marina"]
[Black "Puia, Alexia-Teodora"]
[Result "0-1"]
[ECO "B44"]
[WhiteElo "1471"]
[BlackElo "1543"]
[Annotator "NA RC"]
[PlyCount "78"]
[EventDate "2019.05.31"]
[EventType "swiss"]
[EventCountry "ROU"]
[SourceTitle "playchess.com"]
[Source "ChessBase"]
[SourceQuality "1"]
[TimeControl "40/5400+30:1800+30"]

1. e4 c5 2. Nf3 e6 3. d4 cxd4 4. Nxd4 Nc6 5. Nxc6 bxc6 6. Bd3 Qc7 7. O-O Nf6 8. Nd2 Bb7 9. Qe2 Bd6 10. h3 e5 11. Nc4 Bc5 12. Kh1 h5 13. Be3 Bxe3 14. Qxe3 O-O 15. Qg5 d6 16. f4 Nxe4 17. Bxe4 d5 18. Bh7+ Kxh7 19. Qxh5+ Kg8 20. Nxe5 Rae8 21. Rae1 Re6 22. Nd3 Ba6 23. f5 Rxe1 24. Rxe1 Bxd3 25. cxd3 Qa5 26. Rf1 Re8 27. Rf4 Qe1+ 28. Kh2 Qe5 29. Qg4 Qxb2 30. f6 g6 31. Qg5 Re6 32. d4 Qa3 33. Qh6 Qf8 34. Qg5 Qd6 35. h4 Re4 36. Kg3 Rxd4 37. Kg4 Rxf4+ 38. Qxf4 Qxf4+ 39. Kxf4 d4 0-1

[Event "European School-ch 2019"]
[Site "Mamaia"]
[Date "2019.06.05"]
[Round "6.53"]
[White "Zyapaeva, Polina"]
[Black "Vorobyova, Ekaterina"]
[Result "1/2-1/2"]
[ECO "A22"]
[WhiteElo "1806"]
[BlackElo "1795"]
[Annotator "NA RC"]
[PlyCount "96"]
[EventDate "2019.05.31"]
[EventType "swiss"]
[EventCountry "ROU"]
[SourceTitle "playchess.com"]
[Source "ChessBase"]
[SourceQuality "1"]
[TimeControl "40/5400+30:1800+30"]

1. c4 e5 2. Nc3 Nf6 3. e4 Bb4 4. Qc2 O-O 5. Nf3 Re8 6. Be2 c6 7. a3 Bxc3 8. dxc3 d6 9. Bg5 Nbd7 10. b4 Nf8 11. Rd1 Qe7 12. O-O Bg4 13. Nh4 Be6 14. g3 Rad8 15. Rd2 Rd7 16. Rfd1 Red8 17. Nf3 Ng6 18. a4 h6 19. Bh4 Bg4 20. Bxf6 Qxf6 21. Kg2 Qe6 22. h4 Rf8 23. Ng1 Bxe2 24. Nxe2 Ne7 25. Qd3 f5 26. f3 Qg6 27. Qe3 f4 28. Qf2 Qe6 29. g4 Rfd8 30. c5 d5 31. exd5 cxd5 32. h5 Rf8 33. Kh3 Kh8 34. Re1 Ng8 35. Nd4 Qf6 36. Nf5 Ne7 37. Nd6 e4 38. fxe4 Qxc3+ 39. Kh2 Qxb4 (39... Nc6 $5 40. exd5 Ne5 41. Rxe5 Qxe5 $15) 40. exd5 f3 41. Re4 Qb3 42. Red4 Qa3 43. Ne4 Qa1 {[%emt 0:02:51] [#]} (43... Qc1 $14) 44. Rd1 $1 Qa3 45. R1d3 Qa1 46. Nc3 Ng8 (46... Qa3 $14) 47. Rxf3 Nf6 $18 (47... Rxf3 $16 48. Qxf3 Qa3) 48. Kg2 Rdf7 1/2-1/2

[Event "European School-ch 2019"]
[Site "Mamaia"]
[Date "2019.06.05"]
[Round "6.54"]
[White "Obada, Ema"]
[Black "Donghvani, Nia"]
[Result "1-0"]
[ECO "B52"]
[WhiteElo "1889"]
[BlackElo "1840"]
[Annotator "NA RC"]
[PlyCount "67"]
[EventDate "2019.05.31"]
[EventType "swiss"]
[EventCountry "ROU"]
[SourceTitle "playchess.com"]
[Source "ChessBase"]
[SourceQuality "1"]
[TimeControl "40/5400+30:1800+30"]

1. e4 c5 2. Nf3 d6 3. Bb5+ Bd7 4. c4 Nc6 5. d4 cxd4 6. Nxd4 g6 7. Nc3 Bg7 8. Be3 Nf6 9. f3 Ne5 10. O-O O-O 11. Qe2 Bxb5 12. cxb5 Rc8 13. Nb3 b6 14. a4 e6 15. Rfd1 Nc4 16. Bd4 Qc7 17. Na2 d5 18. Rac1 e5 19. Bf2 Bh6 20. Rc2 Rfd8 21. Nb4 dxe4 22. Rxd8+ Qxd8 23. Nc6 Ne3 24. Rd2 Qxd2 25. Nxd2 exf3 26. Nxf3 Nfd5 27. Bxe3 Bxe3+ 28. Qxe3 Nxe3 29. Ne7+ Kg7 30. Nxc8 e4 31. Nd2 f5 32. Nxa7 Nd1 33. a5 e3 34. Nf3 1-0

[Event "European School-ch 2019"]
[Site "Mamaia"]
[Date "2019.06.05"]
[Round "6.55"]
[White "Ruzic, Pia Marie"]
[Black "Babayeva, Nasrin"]
[Result "0-1"]
[ECO "A27"]
[WhiteElo "1917"]
[BlackElo "1451"]
[Annotator "NA RC"]
[PlyCount "80"]
[EventDate "2019.05.31"]
[EventType "swiss"]
[EventCountry "ROU"]
[SourceTitle "playchess.com"]
[Source "ChessBase"]
[SourceQuality "1"]
[TimeControl "40/5400+30:1800+30"]

1. Nf3 Nc6 2. c4 e5 3. Nc3 f5 4. d4 e4 5. Ng5 h6 (5... Nf6 6. h4 Bb4 7. e3 d6 8. Bd2 O-O 9. g3 Bd7 10. Qb3 Bxc3 11. Bxc3 b6 12. O-O-O a5 13. Be2 a4 14. Qc2 {0-1 (65) Inarkiev,E (2693)-Leitao,R (2632) Tromsoe 2013}) 6. Nh3 {[%emt 0:00:05] A27: English Opening: Three Knights Variation} Nf6 7. Nf4 Bb4 $146 ({Predecessor:} 7... Ne7 8. Qa4 c6 9. d5 Qb6 10. d6 Ng4 11. c5 Qxc5 12. dxe7 Qxf2+ 13. Kd1 Bxe7 {1-0 (24) Idalgo,R (1854)-Maba,M (1500) Florianopolis 2017}) 8. Ng6 Rg8 9. e3 Ne7 10. Nxe7 Bxe7 11. Qb3 c6 12. Bd2 Qb6 13. Qc2 d6 14. c5 Qc7 15. cxd6 Qxd6 16. b4 Be6 17. a3 Kf7 18. Be2 Rgc8 19. f3 $15 Bd5 20. O-O Kg8 21. Be1 Qe6 22. Qd2 Bd6 23. fxe4 Nxe4 24. Nxe4 Bxe4 25. Bf3 Rf8 26. g3 Qd5 27. Qg2 Rae8 28. Bxe4 Rxe4 29. Bd2 Be7 30. Rac1 Bg5 31. Rc3 Qe6 32. Qf3 g6 33. h4 Bd8 34. Rc5 Bc7 35. d5 Qd6 36. dxc6 Qxd2 37. Rd1 Qxe3+ 38. Qxe3 Rxe3 39. cxb7 Bb6 40. Rd7 Re5 0-1

[Event "European School-ch 2019"]
[Site "Mamaia"]
[Date "2019.06.06"]
[Round "7.3"]
[White "Mammadov, Sadig"]
[Black "Zemnitskiy, Alexander"]
[Result "0-1"]
[ECO "B29"]
[WhiteElo "2208"]
[BlackElo "2024"]
[Annotator "RC"]
[PlyCount "94"]
[EventDate "2019.05.31"]
[EventType "swiss"]
[EventCountry "ROU"]
[SourceTitle "playchess.com"]
[Source "ChessBase"]
[SourceQuality "1"]
[TimeControl "40/5400+30:1800+30"]

1. e4 c5 2. Nf3 Nf6 3. Nc3 d5 4. exd5 Nxd5 5. Bc4 e6 6. O-O Nc6 7. d4 cxd4 8. Nxd5 exd5 9. Bb5 a6 10. Re1+ Be7 11. Bxc6+ bxc6 12. Nxd4 Bd7 13. Bg5 f6 14. Bf4 O-O 15. Qe2 Re8 16. Qd2 Qb6 17. c3 Bc5 18. Nb3 Bf5 19. h3 a5 20. Nd4 Be4 21. f3 Bg6 22. Kh2 a4 23. Ne6 Bf7 24. Nc7 Rxe1 25. Nxa8 Bg1+ 26. Kg3 Qf2+ 27. Qxf2 Bxf2+ 28. Kxf2 Rxa1 29. a3 Rb1 30. Bd6 Rxb2+ 31. Ke3 Rc2 32. Kd4 Rd2+ 33. Ke3 Rxg2 34. Nb6 d4+ 35. Kxd4 Bb3 36. Kc5 Rc2 37. Kb4 Kf7 38. Bc5 Rb2 39. f4 Bd1+ 40. Kc4 g5 41. fxg5 fxg5 42. Be3 Be2+ 43. Kc5 Rb3 44. Nxa4 Bb5 45. Nb6 Rxc3+ 46. Kd4 Rxa3 47. Nd7 Rd3+ 0-1